 Dungeon Crawl Stone Soup version 0.30.0-19-g36f170ea60 (webtiles) character file.

Game seed: 15393384864920967182

28 Graphine the Insei (level 3, 0/39 HPs)
             Began as a Merfolk Transmuter on May 28, 2023.
             Succumbed to an adder's poison
             ... on level 2 of the Dungeon.
             The game lasted 00:04:49 (928 turns).

Graphine the Insei (Merfolk Transmuter)              Turns: 928, Time: 00:04:50

Health: 0/39       AC: 21    Str: 12    XL:     3   Next: 14%
Magic:  3/6        EV:  2    Int: 12    God:
Gold:   37         SH:  0    Dex: 14    Spells: 3/6 levels left

rFire   . .          .
                       - Unarmed
rCold   . . .        (no shield)
rNeg    . . .        a - melded +0 robe
rPois   +            (helmet currently unavailable)
rElec   .            (cloak currently unavailable)
rCorr   .            (gloves currently unavailable)
SInv    .            (boots currently unavailable)
Will    .....        (no amulet)
Stlth   +            h - ring of flight
HPRegen 0.26/turn    (no ring)
MPRegen 0.10/turn

%: no passive effects
@: lethally poisoned (0 -> -1), tree-form, wereblooded (expiring), on berserk
cooldown, slowed, very slow
A: stationary, stasis, torment immunity, boosted hp, (nimble swimmer 2),
(mertail)
a: no special abilities


You were on level 2 of the Dungeon.
You were a tree.
You visited 1 branch of the dungeon, and saw 2 of its levels.

You collected 37 gold pieces.

Inventory:

Armour
 a - a +0 robe (melded)
Jewellery
 h - a ring of flight (left branch)
Potions
 d - a potion of degeneration


   Skills:
 * Level 1.3 Fighting
 + Level 2.9 Dodging
 + Level 3.6 Unarmed Combat
 + Level 2.2 Spellcasting
 * Level 2.9 Transmutations
 * Level 1.4 Invocations


You had 3 spell levels left.
You knew the following spells:

 Your Spells              Type           Power      Damage    Failure   Level
a - Beastly Appendage     Tmut           16%        N/A       8%          1
b - Wereblood             Tmut           8%         N/A       12%         2

Your spell library contained the following spells:

 Spells                   Type           Power      Damage    Failure   Level
 Spider Form              Tmut/Pois      4%         N/A       41%         3
 Ice Form                 Ice/Tmut       4%         N/A       82%         4


Dungeon Overview and Level Annotations

Branches:
Dungeon (2/15)

Altars:

Shops:
D:1 =


Innate Abilities, Weirdness & Mutations

You are a tree.
Your roots penetrate the ground, keeping you stationary.
You cannot be teleported.
You are immune to unholy pain and torment.
Your maximum health is greatly increased.
Your equipment is partially melded.
((You are very nimble when in or above water. (Stealth+, EV+, Speed+++)))
((Your lower body shifts to a powerful aquatic tail in water.))


Message History

Smack: -) Branches
Press: ? - help, Dir - move target, f/p - adder
Aim: an adder (moderately wounded, about 41% to evade your branches)
You hit the adder but do no damage.
The adder is moderately wounded.
* * * LOW HITPOINT WARNING * * *
You feel sick. The adder bites you but does no damage.
It was a potion of berserk rage.
A red film seems to cover your vision as you go berserk!
You feel yourself moving faster!
You feel mighty!
* * * LOW HITPOINT WARNING * * *
You feel sick. The adder barely misses you.
Unknown command.
Smack: -) Branches
Press: ? - help, Dir - move target, f/p - adder
Aim: an adder (moderately wounded, about 41% to evade your branches)
You smack the adder!
You feel a bit better.
You kill the adder!
* * * LOW HITPOINT WARNING * * *
You feel sick.
Your Invocations skill increases to level 1!
You have reached level 3!
Your experience leads to an increase in your attributes!
Increase (S)trength, (I)ntelligence, or (D)exterity?
You feel stronger. x2
There is a lethal amount of poison in your body!
You are too berserk!
Calm down first, please.
Your primal bloodlust is almost over.
* * * LOW HITPOINT WARNING * * *
You feel sick.
You feel a strong urge to attack something.
* * * LOW HITPOINT WARNING * * *
You feel sick.
You feel your anger nearly subside.
You are no longer berserk.
You are exhausted.
You feel yourself slow down.
* * * LOW HITPOINT WARNING * * *
You feel sick.
You die...

## .# ###### .#
#<...# .# # ####.# #
###.###.#
#.########.#.......##
#.#.....##.#.........
###.#.###.##...♣†#
#...#.# #.####.#.#
#.###.# #.# #.#...
#..†..# #.# #.#..##
####### #.# #.#>!.
###.####.###.#
#..........#.#
#.#......#.#..
#...###..#.#


There were no monsters in sight!

Vanquished Creatures
  An adder (D:2)
  4 ball pythons (D:1)
  3 giant cockroaches (D:1)
  A goblin (D:1)
  2 hobgoblins (D:1)
  2 quokkas (D:1)
  A bat (D:1)
  2 frilled lizards
  A kobold (D:1)
  2 rats (D:1)
19 creatures vanquished.

Notes
Turn   | Place    | Note
-------+----------+-------------------------------------------
     0 | D:1      | Graphine the Merfolk Transmuter began the quest for the
                  | Orb.
     0 | D:1      | Reached XP level 1. HP: 15/15 MP: 3/3
    71 | D:1      | Found Mamihigoekk's Jewellery Emporium.
    86 | D:1      | Reached XP level 2. HP: 16/21 MP: 3/5
   403 | D:1      | Learned a level 2 spell: Wereblood
   583 | D:1      | Found a faded altar of an unknown god.
   922 | D:2      | HP: 2/46 [poisoned by an adder]
   924 | D:2      | Reached skill level 1 in Invocations
   924 | D:2      | Reached XP level 3. HP: 4/26 MP: 3/6
   927 | D:2      | HP: 1/39 [poisoned by an adder]
   928 | D:2      | Succumbed to an adder's poison

Illustrated notes

Levels and vault maps discovered:
D:1:      nzn_arrival_depleted_hourglass, layout_basic,
          dreamdust_ecumenical_altar_hidden_monk_grotto, serial_shops, shop
D:2:      layout_basic, serial_co_window_serial, co_window_corner_a,
          co_window_paths_b, co_window_paths_a, co_window_corner_a,
          co_window_paths_a, co_window_corner_a, co_window_paths_b,
          co_window_paths_a, co_window_of_opportunity_a, co_window_paths_c,
          co_window_of_opportunity_c, co_window_2corner, co_window_corner_b,
          co_window_4corner_a, uniq_jessica

Skill      XL: |  1  2 |
---------------+-------+-----
Invocations    | 1 |  1.4
Fighting       | |  1.3
Dodging        | |  2.9
Unarmed Combat | |  3.6
Spellcasting   | |  2.2
Transmutations | |  2.9

Action                     || total
---------------------------++-------
  Melee: Unarmed           ||    64
         Headbutt          ||     3
   Cast: Beastly Appendage ||    12
         Wereblood         ||     2
    Use: Scroll            ||     3
         Potion            ||     2
 Armour: Robe              ||     8
         Skin              ||     3
  Dodge: Dodged            ||    42
